[Event "Saint Louis Super Swiss 2023"]
[Site "Saint Louis"]
[Date "2023.03.16"]
[Round "6.9"]
[White "Daggupati, Balaji"]
[Black "Grabinsky, Aaron"]
[Result "1/2-1/2"]
[ECO "C95"]
[WhiteElo "2513"]
[BlackElo "2405"]
[Annotator "TA"]
[PlyCount "78"]
[EventDate "2023.03.12"]
[EventType "swiss"]
[EventCountry "USA"]
[TimeControl "5400+30"]

1. e4 e5 2. Nf3 Nc6 3. Bb5 a6 4. Ba4 Nf6 5. O-O Be7 6. Re1 b5 7. Bb3 d6 8. c3 O-O 9. h3 Nb8 10. d4 Nbd7 11. c4 c6 12. Qc2 {[%emt 0:00:30] C95: Closed Ruy Lopez: Breyer Variation with 10 d4.} Bb7 13. a3 Re8 14. Nc3 {[%emt 0:05:00] White has an edge.} h6 (14... exd4 $11 {was preferrable.} 15. Nxd4 bxc4 16. Bxc4 d5) 15. Be3 $14 Qc7 16. Rac1 {[%emt 0:02:49] [#]} Rac8 $146 ({Predecessor:} 16... Bf8 17. cxb5 cxb5 18. d5 Rec8 19. Qe2 Qd8 20. Nd2 Nc5 21. Bc2 g6 22. Bb1 Bg7 {1-0 Galiana Fernandez,A (2333)-Namitbir,S (2093) Sitges Sunway op 8th 2021 (6)}) 17. cxb5 cxb5 18. Qb1 (18. Qd2 $5 ) 18... Qd8 19. dxe5 Nxe5 20. Nxe5 dxe5 21. Red1 Qa5 22. Qa2 Rf8 23. Be6 Rcd8 (23... fxe6 $2 24. Qxe6+ Rf7 25. Bb6 $18 (25. Qxe5 $2 Re8 $17)) 24. Nd5 Nxd5 25. Bxd5 Bxd5 26. Rxd5 (26. exd5 $14 Rd7 27. Qb3) 26... Qa4 $1 $11 27. Rxd8 ({Of course not} 27. Rxe5 Rd1+ 28. Kh2 (28. Rxd1 $2 Qxd1+ 29. Kh2 Bd6 $19) 28... Rxc1 29. Rxe7 Rh1+ 30. Kxh1 Qd1+ 31. Kh2 Qd6+ 32. Kh1 Qxe7 $19) 27... Rxd8 28. Rc7 Qd1+ 29. Kh2 Rd7 30. Rc6 Rd6 (30... Bg5 {simplifies} 31. Bxg5 hxg5 32. b4 Qd3) 31. Rc8+ Rd8 32. Rc7 Rd7 33. Rc6 Rd6 34. Rc5 (34. Rc1 $5 Qd3 35. Rc8+ (35. Rc7 Rd7 $11) 35... Rd8 36. Rc7 $11) 34... Rd7 35. Rc3 Bg5 36. Rc8+ Kh7 {[%emt 0:03:07] [#] aiming for ...Bf4+.} 37. Bxg5 hxg5 38. Rf8 ({White should try} 38. b4 $15) 38... Kg6 $17 {[%emt 0:01:41] Hoping for ...Qc2.} 39. Ra8 $2 {[%emt 0:01:14][%mdl 8192] [#]} (39. b4 $17) 39... Rd6 $2 {[%emt 0:08:35] Weighted Error Value: White=0.34/Black=0.09 (flawless)} (39... Qd2 $1 $19 40. Rxa6+ f6) 1/2-1/2

[Event "Saint Louis Super Swiss 2023"]
[Site "Saint Louis"]
[Date "2023.03.16"]
[Round "6.10"]
[White "Marjanovic, Annamaria"]
[Black "Dudin, Gleb"]
[Result "0-1"]
[ECO "E16"]
[WhiteElo "2264"]
[BlackElo "2469"]
[Annotator "TA"]
[PlyCount "106"]
[EventDate "2023.03.12"]
[EventType "swiss"]
[EventCountry "USA"]
[TimeControl "5400+30"]

1. d4 Nf6 2. c4 e6 3. g3 Bb4+ 4. Nd2 d5 5. Bg2 O-O 6. Ngf3 b6 7. O-O Bb7 8. a3 Be7 {[%emt 0:01:21] E16: Queen's Indian: 4 g3 Bb7 5 Bg2 Bb4+.} 9. b3 Nbd7 10. Bb2 a5 {[%emt 0:00:09] The position is equal.} 11. Qc2 {[%emt 0:06:20] [#]} Rc8 $146 ({Predecessor:} 11... c5 12. cxd5 exd5 13. Rac1 Re8 14. Rfd1 a4 15. dxc5 bxc5 16. bxa4 Bc6 17. Qf5 Bxa4 {0-1 Pavlidis,A (2337)-Stankovic,M (2412) Arandjelovac ASK-6 GM 2022 (8)}) 12. Ne5 c5 13. dxc5 Bxc5 14. Nxd7 (14. Nd3 {simplifies} Bd6 15. Qd1 Re8 16. cxd5 exd5 17. Nf3) 14... Nxd7 15. Qb1 Qg5 16. Rd1 Nf6 17. Nf3 Qh6 18. Bc1 (18. b4 $11 Bxf2+ {[%mdl 64] Decoy} 19. Kxf2 Ng4+ 20. Ke1) 18... Qh5 $15 {[%emt 0:01:16] ...Ng4 would be deadly.} 19. b4 {[%emt 0:00:21] [#]} Bxf2+ {[%emt 0:04:24][%mdl 64] Decoy} 20. Kxf2 Ne4+ $1 21. Kg1 Nc3 22. Qd3 Nxd1 23. Qxd1 dxc4 24. Be3 axb4 25. axb4 b5 26. Ra7 Bd5 27. Qa1 {[%emt 0:09:27] White is now going downhill.} ({Better is} 27. Ra5 $15) 27... Ra8 (27... c3 $19 {Threatens to win with ...Rc4.} 28. Rd7 c2) 28. Qe5 $2 ({White should try} 28. Ra5 $15) 28... Qxe5 $19 29. Nxe5 Rxa7 30. Bxa7 Ra8 31. Bd4 Bxg2 32. Kxg2 f6 33. Nf3 (33. Nc6 {was worth a try.}) 33... e5 34. Bc5 c3 35. Ne1 Ra1 36. Kf2 Kf7 37. Nc2 Ra2 38. Ne1 Ke6 39. Ke3 Rd2 40. Bf8 g6 41. h4 f5 42. Bg7 Kd5 43. Bf6 Rd1 44. Nc2 Kc4 {[%emt 0:00:44] ...Kb3 is the strong threat.} 45. Bxe5 Kb3 {[%emt 0:00:12][%mdl 64] Deflection} 46. Nd4+ Kxb4 {[%emt 0:00:08] And now ...Ka4 would win.} 47. Nc2+ Kb3 48. Nd4+ Ka4 49. Kf2 b4 50. e3 {[%emt 0:00:14] [#]} Rxd4 $1 {[%emt 0:00:48][%mdl 512] Black mates.} 51. Bxd4 (51. exd4 b3) 51... c2 52. Bb2 Kb3 53. Bc1 Kc3 {[%emt 0:00:12] Weighted Error Value: White=0.83/Black=0.05 (flawless)} 0-1

[Event "Saint Louis Super Swiss 2023"]
[Site "Saint Louis"]
[Date "2023.03.15"]
[Round "7.1"]
[White "Bruzon Batista, Lazaro"]
[Black "Yoo, Christopher Woojin"]
[Result "1/2-1/2"]
[ECO "E11"]
[WhiteElo "2610"]
[BlackElo "2591"]
[Annotator "TA"]
[PlyCount "139"]
[EventDate "2023.03.12"]
[EventType "swiss"]
[EventCountry "USA"]
[SourceTitle "playchess.com"]
[Source "ChessBase"]
[SourceQuality "1"]
[TimeControl "5400+30"]

1. d4 Nf6 2. c4 e6 3. g3 d5 4. Bg2 Bb4+ 5. Bd2 a5 6. Nf3 O-O {[%emt 0:00:10] 6...0-0 scores better than 6...dxc4.} 7. Qc2 c5 {[%emt 0:00:42] E11: Bogo-Indian.} 8. cxd5 cxd4 9. Nxd4 Qb6 {[%emt 0:01:39] White is slightly better.} 10. e3 exd5 11. O-O Nc6 12. Nxc6 bxc6 13. Rc1 Rb8 14. Nc3 {[%emt 0:03:48] [#]} ({Much worse is} 14. Qxc6 Qxc6 15. Rxc6 Bxd2 16. Nxd2 Rxb2 $11) 14... Qd8 $146 ({Predecessor:} 14... h5 15. a3 Be7 16. Na4 Qc7 17. Qxc6 Qxc6 18. Rxc6 Bd7 19. Rc7 Bd8 20. Rxd7 Nxd7 {½-½ Nguyen,T (2610)-Le,Q (2709) Prague Masters 4th 2022 (4)}) 15. Ne2 Bxd2 16. Qxd2 Qb6 17. b3 Bg4 18. Nc3 Qb4 19. h3 Be6 20. Rd1 Ne4 (20... Rfc8 $14) 21. Nxe4 $16 dxe4 22. Rac1 (22. Qc2 $16) 22... a4 $14 23. Qxb4 Rxb4 24. Rxc6 axb3 25. axb3 Bxb3 26. Rb1 f5 27. g4 g6 28. gxf5 gxf5 29. Kh2 Rbb8 30. h4 Bf7 31. Rxb8 Rxb8 $11 {[%emt 0:00:06][%mdl 4096] Endgame KRB-KRB} 32. Rc5 Be6 33. Bh3 Rf8 34. Rc6 Bd7 35. Rd6 Rf7 36. Bf1 {[%emt 0:00:21] [#] Hoping for Bc4.} Kf8 37. Kg3 {[%emt 0:01:42] Strongly threatening Kf4.} Ke7 38. Rh6 {[%emt 0:00:43] Kf4 is the strong threat.} f4+ $1 39. exf4 Rg7+ 40. Kh2 Rf7 41. Be2 Kf8 42. Bh5 Re7 ({Not} 42... Rxf4 43. Kg3 (43. Rxh7 Rxh4+ 44. Kg3 Rh3+ 45. Kf4 Be6 $11) 43... Rf5 44. Rxh7 $16) 43. Rd6 {[%emt 0:00:06][%cal Of4f5] [#] And now f5! would win.} Kg7 {[%emt 0:00:30] Inhibits f5.} 44. Kg3 e3 45. fxe3 Rxe3+ 46. Kf2 Re7 47. Be2 Bf5 48. Rd5 Kf6 49. Bd3 Bxd3 {[%emt 0:00:28] The position is equal.} 50. Rxd3 {[%emt 0:00:01] KR-KR} Ra7 51. Kf3 Ra1 52. Rd6+ Kf5 53. Rd5+ Kf6 54. Kg4 Rg1+ 55. Kh5 Rf1 56. Kg4 Rg1+ 57. Kh5 Rf1 58. Kh6 Rxf4 59. h5 Rg4 60. Kxh7 Rg7+ 61. Kh6 Rg8 62. Rd6+ Kf7 63. Rg6 Rh8+ 64. Kg5 Rg8 65. Kf5 Rxg6 66. hxg6+ Kg7 67. Kg5 Kg8 68. Kf6 (68. Kf5 $5) 68... Kf8 69. g7+ Kg8 70. Kg6 {[%emt 0:00:04] Weighted Error Value: White=0.04 (flawless) /Black=0.05 (flawless)} 1/2-1/2

[Event "Saint Louis Super Swiss 2023"]
[Site "Saint Louis"]
[Date "2023.03.17"]
[Round "7.2"]
[White "Theodorou, Nikolas"]
[Black "Jacobson, Brandon"]
[Result "1/2-1/2"]
[ECO "C88"]
[WhiteElo "2584"]
[BlackElo "2543"]
[Annotator "TA"]
[PlyCount "104"]
[EventDate "2023.03.12"]
[EventType "swiss"]
[EventCountry "USA"]
[TimeControl "5400+30"]

1. e4 e5 2. Nf3 Nc6 3. Bb5 a6 4. Ba4 Nf6 5. O-O Be7 6. Re1 b5 7. Bb3 O-O 8. a4 Rb8 9. axb5 axb5 10. c3 d6 11. h3 (11. d4 $5 Rb6 12. Bd2 $14) 11... b4 {[%emt 0:00:08] C88: Closed Ruy Lopez: Anti-Marshall Systems.} 12. d3 bxc3 13. bxc3 d5 {[%emt 0:00:41] White has an edge.} 14. Nbd2 dxe4 15. dxe4 h6 16. Qc2 Bd6 17. Nf1 Bd7 18. Ng3 Qc8 19. Be3 Be6 {[%emt 0:02:25] [#]} 20. Reb1 $146 ({Predecessor:} 20. Bxe6 Qxe6 21. Qa4 Ne7 22. Reb1 Nd7 23. Nd2 {½-½ Bacrot,E (2648)-Fressinet,L (2624) FRA-ch 95th Albi 2022 (3.1)}) 20... Bxb3 21. Rxb3 Qe6 22. Rxb8 Rxb8 23. Nd2 Nd7 24. Nf5 Bc5 25. Qd3 Bxe3 26. Nxe3 Rd8 27. Qb5 Nf6 28. Ra6 Rxd2 29. Rxc6 Rd6 30. Rxc7 Nxe4 31. Qb8+ Kh7 32. Qb7 Ng5 33. h4 Rb6 34. Qd5 Rb1+ 35. Kh2 Qxd5 $1 36. Nxd5 $14 {[%emt 0:00:03][%mdl 4096] Endgame KRN-KRN} Ne4 37. Rxf7 Nf6 {[%emt 0:04:23][%mdl 64] Decoy} 38. c4 Rb2 39. f3 {[%emt 0:03:43] Hoping for Re7. White is more active.} Nxd5 40. cxd5 $16 {[%emt 0:00:02] Re7 would be deadly. KR-KR} Rd2 41. Rd7 $1 {[%emt 0:00:06] Threatens to win with h5.} h5 42. d6 Kg6 43. Rd8 $1 Kf7 44. d7 $1 Rd5 45. Kg1 (45. Rh8 {simplifies} Rxd7 46. Rxh5 Kf6 47. Rg5) 45... Ke6 {[%emt 0:02:51] [#]} (45... Rd2 $16 {is a better defense.} 46. Kf1 g6) 46. Rh8 (46. Re8+ $1 $18 {is the precise move to win.} Kxd7 47. Rg8) 46... Rxd7 47. Rxh5 Rd4 48. Kf2 Kf6 49. Ke3 Ra4 50. g4 (50. Rh8 $16) 50... Ra3+ $11 51. Kf2 {[%emt 0:00:02] aiming for Rf5+.} ({Don't take} 51. Ke4 $6 Ra4+ 52. Ke3 Ra3+ 53. Kf2 (53. Ke4 Ra4+ 54. Ke3 $16) 53... Ra2+ 54. Kg3 Ra3 $16) 51... Ra2+ {[%emt 0:00:10] [#]} (51... g6 $14 52. Rh7 e4) 52. Kg3 $1 $16 Ra3 {[%emt 0:00:51] Weighted Error Value: White=0.10 (very precise) /Black=0.13 (very precise)} 1/2-1/2

[Event "Saint Louis Super Swiss 2023"]
[Site "Saint Louis"]
[Date "2023.03.16"]
[Round "7.3"]
[White "Swiercz, Dariusz"]
[Black "Quesada Perez, Yasser"]
[Result "1/2-1/2"]
[ECO "B40"]
[WhiteElo "2646"]
[BlackElo "2604"]
[Annotator "TA"]
[PlyCount "75"]
[EventDate "2023.03.12"]
[EventType "swiss"]
[EventCountry "USA"]
[TimeControl "5400+30"]

1. e4 c5 2. Nf3 e6 3. c3 d5 4. e5 d4 5. d3 Bd7 6. g3 {[%emt 0:00:47] B40: Sicilian: 2...e6, Unusual lines.} Bc6 7. Bg2 Nd7 8. O-O Ne7 9. Re1 Nf5 {[%emt 0:02:03] [#]} 10. Nbd2 $146 ({Predecessor:} 10. Bf4 Be7 11. h4 dxc3 12. Nxc3 Nb6 13. Ne4 O-O 14. Rc1 c4 15. g4 Nh6 16. Bxh6 gxh6 17. dxc4 Qxd1 18. Rcxd1 Nxc4 {0-1 Maze,S (2574)-Dubov,D (2712) Wch Rapid Almaty 2022 (4)}) 10... dxc3 11. bxc3 Be7 12. g4 Nh4 13. Nxh4 Bxh4 14. Bxc6 bxc6 15. Nf3 {[%emt 0:00:36] [#] Strongly threatening g5.} Be7 16. c4 O-O (16... h5 $5 17. g5 Qa5 $14) 17. g5 Rb8 18. Qe2 Nb6 19. h4 Qd7 20. Rb1 Rfd8 21. Rb3 Rb7 22. Be3 Nc8 23. Reb1 Rb4 24. h5 a5 25. a3 Rxb3 26. Rxb3 Bf8 27. a4 Kh8 (27... Ne7 $16) 28. Qb2 $18 h6 (28... Ne7 $142 29. Bxc5 Kg8) 29. Qb1 Ne7 {[%emt 0:02:22] [#]} 30. Rb7 $1 ({Don't take} 30. Bxc5 $6 Nf5 31. d4 Bxc5 $16) 30... Qe8 (30... Qxd3 $2 31. Qxd3 (31. Bxc5 $2 {too greedy.} Qxf3 32. Bxe7 Rd1+ $19) 31... Rxd3 32. Rb8 $18 (32. Bxc5 Rxf3 33. Rb8 Kh7 $11)) 31. gxh6 (31. Bxc5 $18 {has better winning chances. And now Qb6 would win.} Nf5 32. Bxf8 Qxf8 33. Qb6) 31... gxh6 $16 32. Kf1 {[%emt 0:05:55] White has more active pieces.} Nf5 {[%emt 0:00:06] Inhibits Nh4.} 33. Ke2 (33. Bd2 $5 ) 33... Be7 34. Qg1 (34. Qb6 $16) 34... Rb8 $11 35. Qb1 Rc8 (35... Rd8 $11) 36. Qg1 (36. Bd2 $14) 36... Rb8 37. Qb1 (37. Rxb8 $11 {might be stronger.} Qxb8 38. Qe1) 37... Rc8 $14 38. Qg1 {[%emt 0:01:44] Black defended with fortune.   Weighted Error Value: White=0.12 (very precise) /Black=0.13 (very precise)} (38. Qc1 $14 {deserves consideration.}) 1/2-1/2

[Event "Saint Louis Super Swiss 2023"]
[Site "Saint Louis"]
[Date "2023.03.16"]
[Round "7.4"]
[White "Escalante Ramirez, Brian Sebasti"]
[Black "Raja Harshit"]
[Result "0-1"]
[ECO "B50"]
[WhiteElo "2474"]
[BlackElo "2498"]
[Annotator "TA"]
[PlyCount "92"]
[EventDate "2023.03.12"]
[EventType "swiss"]
[EventCountry "USA"]
[TimeControl "5400+30"]

1. e4 c5 2. Nf3 d6 3. Nc3 Nf6 4. e5 dxe5 5. Nxe5 a6 6. a4 Qc7 7. d4 {[%emt 0:01:01] B50: Sicilian: 2...d6, Miscellaneous.} e6 8. Bf4 Bd6 9. Bg3 {[%emt 0:00:02] The position is equal.} O-O 10. Qd3 {[%emt 0:00:03] [#]} Nd5 $146 {[%emt 0:12:42] Hoping for ...Nb4.} ({Predecessor:} 10... Nc6 11. Nxc6 Qxc6 12. dxc5 Bxc5 13. Be2 Bd7 14. Bf3 Qb6 15. O-O Rac8 16. Ne4 Bc6 17. Nxf6+ gxf6 {½-½ Nightingale,D (2507)-Yakovlev,O (2397) EU-ch 2019 ct07 email}) 11. Nc4 Bxg3 12. Qxg3 {[%emt 0:01:23] Nxd5 would be deadly.} Qxg3 13. hxg3 {[%emt 0:00:03] aiming for Nxd5.} Nxc3 14. Nb6 Ra7 {[%emt 0:01:35] Threatens to win with ...Nd5.} 15. bxc3 cxd4 16. Bd3 g6 17. cxd4 Nd7 18. a5 Nxb6 {[%emt 0:02:09][%mdl 64] [#] Remove Defender} 19. axb6 Ra8 20. Ke2 Bd7 21. c4 (21. Be4 $5 ) 21... Rac8 22. Ke3 h5 23. Ra5 (23. Be4 $5 ) 23... Rfd8 (23... Kg7 $11 {deserves consideration.}) 24. Rc1 (24. Rc5 $14) 24... Bc6 $11 25. d5 {[%emt 0:07:54] [#] Black converts the advantage convincingly.} Bxd5 $1 $17 {[%emt 0:00:24][%mdl 576] Pin} 26. f3 (26. c5 Kg7) 26... Kf8 27. Rc2 Bc6 28. Kd2 Rd6 29. Kc3 Bb5 30. Rb2 Ke7 ({Don't take} 30... Rxb6 31. Kd2 $16) 31. Raxb5 $2 (31. Ra1) 31... axb5 $19 32. Rxb5 {[%emt 0:00:01][%mdl 4096] Endgame KRR-KRB} f5 33. c5 Rd5 34. Kc4 Rcd8 35. Bc2 Rd2 36. Kc3 Rxg2 37. Ra5 Rb8 38. Ra7 Kf6 ({Worse is} 38... Rxg3 39. c6 Kd6 40. c7 Rxf3+ 41. Kb4 $17) 39. Ba4 Rg1 40. Kb4 f4 {[%emt 0:00:49][%mdl 64] Deflection} 41. gxf4 h4 {[%emt 0:00:04][%cal Bh5h4,Bh4h3,Bh3h2][%mdl 32] ...h3 is the strong threat.} 42. Bb3 h3 43. Ra2 Rg2 44. Ra1 h2 {[%emt 0:00:36] ( -> ...Rg1)} 45. Re1 Rg1 46. Rxe6+ Kg7 {[%emt 0:00:16] Weighted Error Value: White=0.66/Black=0.21 (precise)} 0-1

[Event "Saint Louis Super Swiss 2023"]
[Site "Saint Louis"]
[Date "2023.03.16"]
[Round "7.5"]
[White "Dudin, Gleb"]
[Black "Nyzhnyk, Illya"]
[Result "1/2-1/2"]
[ECO "E01"]
[WhiteElo "2469"]
[BlackElo "2654"]
[Annotator "TA"]
[PlyCount "38"]
[EventDate "2023.03.12"]
[EventType "swiss"]
[EventCountry "USA"]
[TimeControl "5400+30"]

1. c4 e6 2. g3 d5 3. Bg2 Nf6 4. d4 c6 5. Nf3 Bb4+ 6. Nbd2 {[%emt 0:04:51] E01: Catalan: Early deviations.} dxc4 7. O-O b5 8. b3 {[%emt 0:04:58] White is slightly better.} cxb3 9. Nxb3 O-O 10. Qc2 {[%emt 0:01:04][%mdl 1024] White has compensation.} a5 11. Rd1 {[%emt 0:26:43] [#]} Be7 $146 ({Predecessor:} 11... Qb6 12. Ne5 Nd5 13. e4 Ne7 14. Be3 Qc7 15. Nd3 Ba3 16. Qc3 Nd7 17. Bf4 Bd6 {½-½ Jumabayev,R (2607)-Ghaem Maghami,E (2549) Asia Chess Cup 2016 (8.1)}) 12. Ne5 Nd5 13. e4 Nb6 14. Bf4 f6 15. Nxc6 Nxc6 16. Qxc6 {[%emt 0:00:08] [#] Strongly threatening Bc7.} Bd7 17. Qb7 Bc8 $1 18. Qc6 {[%emt 0:01:57] And now Bc7 would win.} Bd7 19. Qb7 Bc8 $1 {[%emt 0:00:37] Weighted Error Value: White=0.08 (flawless) /Black=0.06 (flawless)} 1/2-1/2

[Event "Saint Louis Super Swiss 2023"]
[Site "Saint Louis"]
[Date "2023.03.16"]
[Round "7.6"]
[White "Durarbayli, Vasif"]
[Black "Boros, Denes"]
[Result "1-0"]
[ECO "C64"]
[WhiteElo "2635"]
[BlackElo "2406"]
[Annotator "TA"]
[PlyCount "117"]
[EventDate "2023.03.12"]
[EventType "swiss"]
[EventCountry "USA"]
[TimeControl "5400+30"]

1. e4 e5 2. Nf3 Nc6 3. Bb5 Bc5 4. Nc3 Nd4 5. Nxd4 Bxd4 6. Ne2 {[%emt 0:03:55] C64: Ruy Lopez: Classical Defence (3...Bc5) except 4 0-0 Nf6.} Bb6 7. d4 c6 8. Bc4 {[%emt 0:01:23] [#] The position is equal.} Nf6 $146 ({Predecessor:} 8... Qh4 9. O-O Nf6 10. f3 d5 11. exd5 O-O 12. dxc6 exd4 13. Kh1 bxc6 14. Qe1 Qxe1 15. Rxe1 {0-1 Rhodes,H-Paffley,D ENG-ch corr England 1953}) 9. Bg5 h6 10. Bh4 d6 (10... exd4 $11 11. Qd3 Qe7) 11. dxe5 dxe5 12. Qxd8+ Bxd8 13. f3 Rf8 14. Bf2 Bb6 15. Nc1 Nd7 16. Nd3 Bxf2+ 17. Kxf2 a5 {[%emt 0:00:04] ...b5 would be deadly.} 18. a4 b6 19. Ra3 Ke7 20. Rc3 Bb7 21. h4 Rfc8 22. g4 Rc7 23. Ke3 Rac8 24. Ra1 Ra8 25. Rg1 Rh8 26. h5 f6 27. f4 exf4+ $1 28. Nxf4 {[%emt 0:02:17] Hoping for Ng6+.} Ne5 29. Be2 c5 30. Rb3 Rd8 31. Rxb6 Rd4 $1 {[%emt 0:00:09] [#]} 32. Nd5+ $1 Bxd5 33. exd5 Rxd5 34. Rb5 Kd6 35. Rd1 $1 ({Much worse is} 35. Rxa5 Re7 36. Ra6+ Nc6+ 37. Kf3 Kc7 $11) 35... Rxd1 36. Bxd1 $14 {[%emt 0:01:20][%mdl 4096] Endgame KRB-KRN} Re7 37. Kf2 Ra7 {[%emt 0:05:54] Black is on the road to losing.} (37... Nc4 $14) 38. Bf3 Nc4 (38... c4 $142) 39. Be2 Ne5 40. Kg3 Nc6 {[%emt 0:00:32] [#] Threatens to win with ...Nd4.} 41. c3 {[%emt 0:00:33] Repels Nd4} Ne7 (41... Ne5 $16) 42. Bd3 Nd5 (42... Nc6 $16) 43. Be4 (43. Kf3 $18) 43... Nc7 (43... Ne3 $16) 44. Rb6+ $18 Ke5 45. Bf5 Ra6 46. Rb7 Nd5 47. Rb5 ({Resist} 47. Rxg7 $6 Rb6 $16) 47... Kd6 {[%emt 0:00:25] [#]} 48. Be4 $1 Nc7 49. Rb7 Ne6 50. Bf5 c4 $2 (50... Nc7 51. Bd3 Ra8 52. Rb6+ Ke7) 51. Bxe6 Kxe6 {[%emt 0:00:01] KR-KR} 52. Rb5 Kf7 53. Kf4 g6 $2 (53... g5+ 54. Kf5 Ra7) 54. Rb7+ {[%emt 0:00:37][%mdl 64] Deflection. White is clearly winning.} Kg8 55. hxg6 Rd6 56. Kf5 Rd5+ 57. Kxf6 {[%emt 0:01:07] Intending Rb8+ and mate.} Rd6+ 58. Kf5 Rd5+ 59. Ke4 {[%emt 0:02:29] Weighted Error Value: White=0.09 (flawless) /Black=0.22 (precise)} 1-0

[Event "Saint Louis Super Swiss 2023"]
[Site "Saint Louis"]
[Date "2023.03.17"]
[Round "7.7"]
[White "Akobian, Varuzhan"]
[Black "Moradiabadi, Elshan"]
[Result "1/2-1/2"]
[ECO "D38"]
[WhiteElo "2591"]
[BlackElo "2507"]
[Annotator "TA"]
[PlyCount "31"]
[EventDate "2023.03.12"]
[EventType "swiss"]
[EventCountry "USA"]
[TimeControl "5400+30"]

1. d4 Nf6 2. c4 e6 3. Nf3 d5 4. Nc3 Bb4 5. cxd5 exd5 6. Bg5 h6 7. Bxf6 Qxf6 8. Qa4+ Nc6 9. e3 O-O 10. Be2 Be6 11. a3 {[%emt 0:12:05] D38: Queen's Gambit Declined: Ragozin Defence (4 Nf3 Bb4).} Bd6 {[%emt 0:00:02] 11...Bxc3+ is the fancy move.} 12. Nb5 Bg4 13. O-O Ne7 {[%emt 0:00:37] The position is equal.} 14. Rfc1 c6 15. Nxd6 Qxd6 {[%emt 0:00:01] [#]} 16. h3 $146 {[%emt 0:01:16] A rather calm draw.   Weighted Error Value: White=0.07 (flawless) /Black=0.04 (flawless)} ({Predecessor:} 16. b4 a6 17. Qc2 Rfc8 18. Qb2 Rc7 19. a4 Bxf3 20. Bxf3 b6 21. Rc3 Rb8 22. Be2 {½-½ Cyborowski,L (2526)-Kryvoruchko,Y (2701) CZE-chT 1314 2013 (2.2)}) 1/2-1/2

[Event "Saint Louis Super Swiss 2023"]
[Site "Saint Louis"]
[Date "2023.03.17"]
[Round "7.8"]
[White "Antipov, Mikhail Al."]
[Black "Corrales Jimenez, Fidel"]
[Result "1-0"]
[ECO "B90"]
[WhiteElo "2581"]
[BlackElo "2489"]
[Annotator "TA"]
[PlyCount "99"]
[EventDate "2023.03.12"]
[EventType "swiss"]
[EventCountry "USA"]
[TimeControl "5400+30"]

1. e4 c5 2. Nf3 d6 3. d4 cxd4 4. Nxd4 Nf6 5. Nc3 a6 6. a3 e5 {[%emt 0:04:39] B90: Sicilian Najdorf: Unusual White 6th moves, 6 Be3 Ng4 and 6 Be3 e5.} 7. Nf3 h6 {[%emt 0:01:24] [#]} 8. Nd2 $146 ({Predecessor:} 8. Bc4 Be6 9. Bb3 Nc6 10. O-O Rc8 11. h3 Be7 12. Nh2 O-O 13. Ng4 Nxg4 14. hxg4 {0-1 Antipov,M (2611)-Nepomniachtchi,I (2784) RUS-ch 73rd Moscow 2020 (4)}) 8... b5 {[%emt 0:06:58][%cal Bb7b5,Bb5b4][%mdl 32] The position is equal.} 9. a4 b4 10. Nd5 Nxd5 11. exd5 Nd7 12. a5 $1 Bb7 {[%emt 0:07:03] [#] White now steadily converts the win.} (12... Be7 $14) 13. Nc4 $1 $16 Qh4 14. Be2 Rc8 15. Nb6 Rc7 (15... Nxb6 $16 {was called for.} 16. axb6 Be7) 16. O-O $18 Be7 (16... Qd8 $142 17. Bd2 Be7 18. Bxb4 O-O) 17. Ra4 O-O {[%emt 0:17:48] [#]} 18. c3 $1 f5 (18... Qf6 19. Rxb4) 19. cxb4 f4 $2 (19... Nxb6 $16 20. axb6 Rc4) 20. Nxd7 Rxd7 21. b5 axb5 22. Bxb5 Rc7 23. Be3 Qg5 (23... Bc8 $142 24. a6 Bg4) 24. Bb6 f3 25. g3 (25. Bxc7 $2 Qxg2#) 25... Qh5 {[%emt 0:07:50][%cal Oh5h3] Strongly threatening ...Qh3!} 26. Re1 (26. Bxc7 $2 {is the wrong capture.} Qh3 $19) 26... Rcc8 27. Bd7 Ba6 28. Bg4 Qe8 29. Ra1 Be2 (29... Rb8 $142 30. Bxf3 Bd8 31. Bxd8 Qxd8) 30. Rxe2 fxe2 31. Qxe2 Rb8 {[%emt 0:00:44] Black is weak on the light squares} 32. Be3 {[%emt 0:01:50] This pair of bishops is nice.} Rb3 $2 (32... Bg5) 33. a6 Qa8 34. a7 Kh8 35. Qc2 Rxe3 36. fxe3 Bg5 37. Qb3 Kh7 38. Bd7 Rf7 39. Bc6 Rxa7 40. Bxa8 Rxa1+ 41. Kg2 Rxa8 {[%emt 0:00:04][%mdl 4096] Endgame KQ-KRB} 42. h4 Bf6 43. Qc4 e4 44. b4 Kh8 45. b5 Bd8 46. Qc6 Ra2+ 47. Kh3 {[%emt 0:00:04] White wants to mate with Qc8.} Kh7 48. Qxd6 Bf6 49. h5 Re2 50. Qf4 {[%emt 0:00:22] Weighted Error Value: White=0.21 (precise) /Black=0.67} (50. b6 $142 Rb2 51. Kg4 Kg8 52. Qe6+ Kh7 53. Qf5+ Kg8 54. Qc8+ Kf7 55. Qe6+ Kf8 56. b7 {[%mdl 64] Decoy}) 1-0